 Dungeon Crawl Stone Soup version 0.23-a0-451-g1044d4c (webtiles) character file.

716 rgaf the Chopper (level 7, -12/67 HPs)
             Began as a Naga Berserker on Nov 24, 2018.
             Was a Priest of Trog.
             Killed from afar by Ijyb (13 damage)
             ... with a wand of acid (10)
             ... on level 5 of the Dungeon.
             The game lasted 00:02:52 (5694 turns).

rgaf the Chopper (Naga Berserker)                   Turns: 5694, Time: 00:02:53

Health: -12/67     AC:  3    Str: 22    XL:     7   Next: 69%
Magic:  7/7        EV:  6    Int:  7    God:    Trog [***...]
Gold:   210        SH:  0    Dex: 10    Spells: 6/6 levels left

rFire    . . .     SeeInvis +   a - +0 hand axe
rCold    + . .     Gourm    .   (no shield)
rNeg     . . .     Faith    .   k - +0 chain mail
rPois    +         Spirit   .   (no helmet)
rElec    .         Reflect  .   (no cloak)
rCorr    .         Harm     .   (no gloves)
MR       .....                  (no barding)
Stlth    ..........             (no amulet)
HPRegen  0.21/turn              i - ring of protection from cold
MPRegen  0.10/turn              (no ring)

@: corroded, very slow
A: large, see invisible, deformed body, poison resistance, slowness 2, slow
metabolism 1, spit poison 1, AC +2
a: Spit Poison, Berserk, Trog's Hand, Renounce Religion


You were on level 5 of the Dungeon.
You worshipped Trog.
Trog was most pleased with you.
You were not hungry.

You visited 1 branch of the dungeon, and saw 5 of its levels.

You collected 210 gold pieces.

Inventory:

Hand Weapons
 a - a +0 hand axe (weapon)
Armour
 b - a +0 animal skin
 k - a +0 chain mail (worn)
Jewellery
 i - a ring of protection from cold (left hand)
 v - an uncursed ring of resist corrosion {unknown}
Scrolls
 e - a scroll of fog {unknown}
 f - 10 scrolls of identify {unknown}
 n - a scroll of remove curse {unknown}
 o - 2 scrolls of enchant weapon {unknown}
 p - a scroll of magic mapping {unknown}
 u - a scroll of enchant armour {unknown}
 y - a scroll of summoning {unknown}
Potions
 d - 2 potions of curing {unknown}
 g - 2 potions of flight {unknown}
 h - 2 potions of lignification {unknown}
 j - 2 potions of degeneration {unknown}
 l - a potion of agility {unknown}
 m - 3 potions of cancellation {unknown}
 q - 2 potions of might {unknown}
 r - 2 potions of heal wounds {unknown}
 s - a potion of haste {unknown}
 t - a potion of resistance {unknown}
 w - a potion of berserk rage {unknown}
Comestibles
 c - 5 rations
 x - a chunk of flesh


   Skills:
 + Level 5.0 Fighting
 * Level 6.5 Axes
 + Level 3.6 Armour
 - Level 1.5 Dodging


You had 6 spell levels left.
You didn't know any spells.
Your spell library was empty.

Dungeon Overview and Level Annotations

Branches:
Dungeon (5/15)
 Temple: D:4-7

Altars:
Dithmenos
Gozag
Okawaru
The Shining One

Annotations:
D:5 Ijyb


Innate Abilities, Weirdness & Mutations

You cannot wear boots.
Your serpentine skin is tough. (AC +2)
You have supernaturally acute eyesight. (SInv)
Armour fits poorly on your strangely shaped body.
Your system is resistant to poisons. (rPois)
You cover ground very slowly.
You have a slow metabolism.
You can spit poison.


Message History

Ijyb is severely wounded.
Ijyb hits you but does no damage.
You hit Ijyb but do no damage.
Ijyb is severely wounded.
Ijyb zaps a wand.
The bolt of acid hits you! The acid corrodes you!
You are splashed with acid!
The acid burns!
You completely miss Ijyb.
Ijyb is severely wounded.
Ijyb hits you.
You hit Ijyb but do no damage.
Ijyb is severely wounded.
Ijyb zaps a wand.
The bolt of acid hits you!
* * * LOW HITPOINT WARNING * * *
You are splashed with acid!
The acid burns!
* * * LOW HITPOINT WARNING * * *
You are too injured to fight recklessly!
You hit Ijyb but do no damage.
Ijyb is severely wounded.
Ijyb zaps a wand.
The bolt of acid hits you!
You die...

......#..#..####
....###..#.....#
##. ##.......# #.
#...###.รท.### #
#...# ##....##
.....######...##
#......#...##....#
#................#
###.....?...@.####
...#.....>g..#
#........##
........##
#......## .......
.....#. .#...#.


You could see Ijyb.

Vanquished Creatures
  A centaur (D:5)
  2 scorpions (D:4)
  A howler monkey (D:4)
  2 hounds
  A bullfrog zombie (D:5)
  An orc wizard (D:4)
  A centaur skeleton (D:4)
  2 iguanas (D:4)
  3 worker ants (D:4)
  A hound skeleton (D:4)
  A worker ant zombie (D:5)
  9 adders
  3 gnolls (D:4)
  An ooze (D:2)
  4 worms
  A dart slug (D:3)
  6 leopard geckos
  5 orcs
  A ball python (D:3)
  4 bats
  3 giant cockroaches
  8 goblins
  9 hobgoblins
  4 jackals
  A quokka (D:3)
  3 frilled lizards
  5 kobolds
  7 rats
90 creatures vanquished.

Notes
Turn   | Place    | Note
-------+----------+-------------------------------------------
     0 | D:1      | rgaf the Naga Berserker began the quest for the Orb.
     0 | D:1      | Reached XP level 1. HP: 21/21 MP: 1/1
   405 | D:1      | Reached XP level 2. HP: 28/28 MP: 2/2
   827 | D:1      | Reached XP level 3. HP: 29/34 MP: 3/3
  1376 | D:2      | Reached skill level 4 in Axes
  1376 | D:2      | Reached XP level 4. HP: 19/42 MP: 4/4
  1568 | D:2      | Reached ** piety under Trog
  1837 | D:2      | Found a glowing golden altar of the Shining One.
  1993 | D:3      | Found an opulent altar of Gozag.
  2493 | D:3      | Reached XP level 5. HP: 50/50 MP: 5/5
  2670 | D:3      | Found a shadowy altar of Dithmenos.
  2793 | D:3      | Found an iron altar of Okawaru.
  3254 | D:4      | Reached skill level 5 in Axes
  3254 | D:4      | Reached XP level 6. HP: 25/57 MP: 6/6
  3873 | D:4      | Reached *** piety under Trog
  4116 | D:4      | Reached XP level 7. HP: 54/66 MP: 7/7
  4274 | D:4      | Reached skill level 6 in Axes
  4768 | D:5      | Entered Level 5 of the Dungeon
  5446 | D:5      | Reached skill level 5 in Fighting
  5682 | D:5      | Noticed Ijyb
  5693 | D:5      | HP: 1/67 [acid (16)]
  5694 | D:5      | Killed from afar by Ijyb

Vault maps used:
D:1:      dpeg_arrival_snail
D:2:      tso_altar, first_ration
D:3:      wander_river, grunt_gozag_breadcrumbs, okawaru_metal_pillars_1_2,
          marbit_many_paths
D:4:      serial_glass, glass_columns_a, glass_columns_b, glass_columns_a,
          glass_columns_b, glass_columns_c, glass_columns_b, glass_columns_a,
          glass_columns_a
D:5:      lightli_sewer_entry_pipes, uniq_ijyb

Skill      XL: |  1  2  3  4  5  6  7 |
---------------+----------------------+-----
Armour         | 2 3 |  3.6
Axes           | 4 5 6 |  6.5
Fighting       | 4 5 |  5.0
Dodging        | |  1.5

Action                   |  1- 3 |  4- 6 |  7- 9 || total
-------------------------+-------+-------+-------++-------
Melee: Hand axe          |   108 |   186 |   121 ||   415
Invok: Berserk           |     1 |     1 |     1 ||     3
  Eat: Chunk             |     2 |     7 |     6 ||    15
Armor: Animal skin       |     6 |       |       ||     6
       Chain mail        |    34 |    90 |    61 ||   185
Dodge: Dodged            |    70 |    64 |    44 ||   178

Table legend:
 A = Non-vault XP
 B = Vault XP
 C = Vault XP percentage of total XP
 D = Non-vault monster count
 E = Vault monster count
 F = Vault count percentage of total count
                 A         B        C        D         E       F
            +---------+---------+-------+---------+---------+-------
      Total |    1021 |       2 |   0.2 |      89 |       1 |   1.1
            +---------+---------+-------+---------+---------+-------
        D:1 |      43 |       0 |   0.0 |      25 |       0 |   0.0
        D:2 |      88 |       0 |   0.0 |      20 |       0 |   0.0
        D:3 |      60 |       2 |   3.2 |      14 |       1 |   6.7
        D:4 |     600 |       0 |   0.0 |      24 |       0 |   0.0
        D:5 |     230 |       0 |   0.0 |       6 |       0 |   0.0
            +---------+---------+-------+---------+---------+-------
